 Dungeon Crawl Stone Soup version 0.27.0-1-g7a08968 (webtiles) character file.

Game seed: 1608428941375909499

46 Host24 the Bolt Thrower (level 3, -2/22 HPs)
             Began as a Kobold Hunter on Jan 25, 2022.
             Slain by a gnoll (9 damage)
             ... on level 1 of the Dungeon.
             The game lasted 00:02:30 (1380 turns).

Host24 the Bolt Thrower (Kobold Hunter)             Turns: 1380, Time: 00:02:31

Health: -2/22      AC:  3    Str: 10    XL:     3   Next: 92%
Magic:  3/3        EV: 15    Int: 12    God:
Gold:   36         SH:  0    Dex: 15    Spells: 2/2 levels left

rFire    . . .     SeeInvis .   a - +1 hand crossbow
rCold    . . .     Faith    .   (shield restricted)
rNeg     . . .     Spirit   .   c - +0 leather armour
rPois    .         Reflect  .   (no helmet)
rElec    .         Harm     .   (no cloak)
rCorr    .         Rampage  .   (no gloves)
Will     .....                  (no boots)
Stlth    +++.......             (no amulet)
HPRegen  0.07/turn              (no ring)
MPRegen  0.08/turn              (no ring)

@: no status effects
A: small, no large weapons, nightstalker 3
a: no special abilities


You were on level 1 of the Dungeon.
You visited 1 branch of the dungeon, and saw 2 of its levels.

You collected 36 gold pieces.

Inventory:

Hand Weapons
 a - a +1 hand crossbow (weapon)
 f - a +0 hunting sling
 l - a +0 dagger of speed
Missiles
 d - 16 bolts (quivered ammo)
Armour
 c - a +0 leather armour (worn)
Scrolls
 e - 2 scrolls of amnesia {unknown}
 g - a scroll of teleportation {unknown}
 h - a scroll of identify {unknown}
 i - a scroll of enchant armour {unknown}
Potions
 b - a potion of ambrosia {unknown}
 j - a potion of resistance {unknown}
 k - a potion of berserk rage {unknown}


   Skills:
 + Level 2.8 Fighting
 - Level 5.0 Crossbows
 - Level 3.4 Dodging
 - Level 3.0 Stealth


You had 2 spell levels left.
You didn't know any spells.
Your spell library was empty.

Dungeon Overview and Level Annotations

Branches:
Dungeon (2/15)

Altars:


Innate Abilities, Weirdness & Mutations

You are small and have problems with some larger weapons.
You are completely attuned to the shadows.


Message History

A gnoll comes into view. It is wielding a +0 flail.
Found a bubbling black potion.
The gnoll shouts!
You hear a shout! x2
You see here a bubbling black potion.
A gnoll comes into view. It is wielding a +0 spear.
The gnoll shouts!
There is an open door here.
There is an open door here.
The gnoll misses you.
There is a stone staircase leading down here.
There is an open door here.
You open the door.
There is an open door here.
There is a stone staircase leading up here.
The gnoll closely misses you.
You climb upwards.
A rat comes into view.
Found 15 gold pieces, a club and 17 stones.
There is a stone staircase leading down here.
a - a +1 hand crossbow (weapon)
Fire: 19 bolts
Press: ? - help, Q - select action Shift-Dir - straight line, f - gnoll
Aim: a gnoll, wielding a +0 flail (69% to hit)
You shoot a bolt. The bolt hits the rat!
You kill the rat!
The gnoll hits you with a +0 flail.
Fire: 18 bolts
Press: ? - help, Q - select action Shift-Dir - straight line, f/p - gnoll
Aim: a gnoll, wielding a +0 flail (69% to hit)
You shoot a bolt. The bolt hits the gnoll!
The gnoll is severely wounded.
The gnoll hits you with a +0 flail!
Ouch! That really hurt!
* * * LOW HITPOINT WARNING * * *
Fire: 17 bolts
Press: ? - help, Q - select action Shift-Dir - straight line, f/p - gnoll
Aim: a gnoll, wielding a +0 flail (severely wounded, 69% to hit)
You shoot a bolt. The bolt closely misses the gnoll.
The gnoll hits you with a +0 flail!
You die...

......#..
......#...
...).((...
......$...
....>.....
...##g....
.$ #@....
. #.....
#.....
#.....
###+##


You could see a gnoll.

Vanquished Creatures
  3 adders (D:2)
  A worm (D:2)
  4 bats (D:2)
  A giant cockroach (D:2)
  3 goblins (D:2)
  A hobgoblin (D:2)
  A ball python (D:2)
  A kobold (D:2)
  3 rats
18 creatures vanquished.

Notes
Turn   | Place    | Note
-------+----------+-------------------------------------------
     0 | D:1      | Host24 the Kobold Hunter began the quest for the Orb.
     0 | D:1      | Reached XP level 1. HP: 12/12 MP: 1/1
     6 | D:1      | You fall into a shaft and drop 1 floor!
   163 | D:2      | Reached skill level 5 in Crossbows
   183 | D:2      | Reached XP level 2. HP: 14/17 MP: 2/2
   249 | D:2      | Reached XP level 3. HP: 5/21 MP: 3/3
   252 | D:2      | HP: 1/21 [poisoned by an adder]
   802 | D:2      | Noticed a great orb of eyes
   803 | D:2      | Found a faded altar of an unknown god.
   803 | D:2      | Noticed a golden eye
  1032 | D:2      | Noticed a shining eye
  1077 | D:2      | Noticed an eye of devastation
  1380 | D:1      | Slain by a gnoll

Illustrated notes

Levels and vault maps discovered:
D:1:      nagdon_arrival_zigzag_paths, layout_basic, serial_co_window_serial,
          co_window_cross_1, co_window_corner_a, co_window_paths_a,
          co_window_cross_1, co_window_cross_1, co_window_corner_a,
          co_window_paths_b, co_window_corner_a, co_window_of_opportunity_a,
          co_window_corner_b, co_window_of_opportunity_c, co_window_corner_cb,
          co_window_4corner_b, glass_columns_c, glass_columns_a
D:2:      layout_loops_corners, hellmonk_ecumenical_altar_watching_god

Skill      XL: |  1  2  3 |
---------------+----------+-----
Crossbows      | 5 |  5.0
Dodging        | 3 |  3.4
Stealth        | 2 3 |  3.0
Fighting       | |  2.8

Action                   || total
-------------------------++-------
Melee: Short sword       ||    41
       Dagger            ||    12
 Fire: Hand crossbow     ||    25
 Stab: Sleeping          ||     2
Armor: Leather armour    ||    11
Dodge: Dodged            ||    48
